 Dungeon Crawl Stone Soup version 0.30.1-11-g7821555f0a (webtiles) character file.

Game seed: 7399716430413084402

123 RancidPinata the Sneak (level 5, -1/36 HPs)
             Began as an Octopode Delver on Dec 22, 2023.
             Constricted to death by Natasha (5 damage)
             ... on level 3 of the Dungeon.
             The game lasted 00:04:04 (546 turns).

RancidPinata the Sneak (Octopode Delver)             Turns: 546, Time: 00:04:05

Health: -1/36      AC:  1    Str: 11    XL:     5   Next: 7%
Magic:  5/5        EV: 11    Int: 13    God:
Gold:   50         SH:  0    Dex: 15    Spells: 4/4 levels left

rFire   . . .        a - +0 short sword
rCold   + . .        (no shield)
rNeg    . . .        (helmet restricted)
rPois   .            (no amulet)
rElec   .            i - ring of protection from cold
rCorr   .            (no ring)
SInv    .            (no ring)
Will    .....        (no ring)
Stlth   +++++        (no ring)
HPRegen 0.26/turn    (no ring)
MPRegen 0.09/turn    (no ring)
                     (no ring)

%: no passive effects
@: grasped by roots, slowed, constricted, very slow
A: almost no armour, amphibious, 8 rings, camouflage 1, gelatinous body 1,
(nimble swimmer 1), tentacles
a: no special abilities


You were on level 3 of the Dungeon.
You visited 1 branch of the dungeon, and saw 4 of its levels.

You collected 50 gold pieces.

Inventory:

Hand Weapons
 a - a +0 short sword (weapon)
Missiles
 g - 10 stones (quivered)
Jewellery
 i - a ring of protection from cold (left tentacle)
Wands
 f - a wand of digging (3)
 k - a wand of roots (7)
Scrolls
 b - a scroll of fog
 c - a scroll of magic mapping
 d - a scroll of fear
Potions
 e - 2 potions of haste
 h - a potion of berserk rage {unknown}
 j - 2 potions of curing {unknown}
 l - a potion of brilliance {unknown}


   Skills:
 + Level 3.5 Fighting
 * Level 3.3 Short Blades
 + Level 2.7 Dodging
 * Level 7.7 Stealth


You had 4 spell levels left.
You didn't know any spells.
Your spell library was empty.

Dungeon Overview and Level Annotations

Branches:
Dungeon (6/15)
 Temple: D:4-7

Altars:
Ru

Annotations:
D:3 Grinder, Natasha


Innate Abilities, Weirdness & Mutations

You cannot wear most types of armour.
You are amphibious.
You can wear up to eight rings at the same time.
Your skin changes colour to match your surroundings (Stealth+).
Your rubbery body absorbs attacks. (AC +1, EV +1)
((You are camouflaged when in or above water. (Stealth+)))
You have tentacles for arms and can constrict up to eight enemies at once.


Message History

You enter the deep water.
You see here a +0 dagger.
Grinder gestures at you. You resist with significant effort.
Grinder gestures at you.
You suddenly lose the ability to move!
Grinder gestures at you.
You shrug off the repeated paralysis!
Natasha zaps a wand.
The roots erupt in riotous growth!
The grasping roots grab you!
Grinder is unaffected.
The grasping roots constrict you! Grinder hits you but does no damage.
Natasha stares at you and mumbles some strange words.
You feel yourself slow down. The grasping roots constrict you.
Grinder blinks!
The grasping roots constrict you. x2
You can move again.
The grasping roots release their grip on you.
You closely miss Natasha. Your grab misses Natasha. Natasha misses you.
The quokka twitches its whiskers.
Natasha claws you. Grinder hits you!
You writhe in agony.
* * * LOW HITPOINT WARNING * * *
Grinder closely misses you.
You hit Grinder. Your grab misses Grinder.
Grinder is lightly wounded.
Natasha howls an incantation.
Natasha's front paws start to glow.
Natasha stares at you and mumbles some strange words.
The magic dart hits you!
* * * LOW HITPOINT WARNING * * *
Grinder blinks!
Natasha mumbles some strange words.
Natasha glows brightly for a moment.
Natasha casts a spell.
You hit the quokka.
You kill the quokka!
Natasha zaps a wand.
The roots erupt in riotous growth!
The grasping roots grab you!
The rat is unaffected.
Natasha is unaffected.
The grasping roots constrict you.
You die...

#.......#### #..........
#.......######..#....h..
#....#.###..............
#......##..##....#......
###...#...######.#......
###...#.#~~≈†≈≈# ........
#.......#..)#### .#......
.....†##......####.#...###
................@#...#.#
..####..#.######rh...#.#
.. ....##..####.5###.....
. ...#####<...#..# .#. .
### #.......###r.
#............
##..........#
#............
...............


You could see Natasha, a cerulean imp (summoned) and a rat.

Vanquished Creatures
  A scorpion (D:4)
  Natasha (D:3)
  2 adders (D:4)
  A dart slug (D:4)
  An orc (D:3)
  An endoplasm (D:4)
  2 giant cockroaches (D:4)
  A goblin (D:4)
  2 hobgoblins
  3 jackals
  2 quokkas (D:3)
  A bat (D:3)
18 creatures vanquished.

Vanquished Creatures (others)
  A quokka (D:6)
1 creature vanquished.

Grand Total: 19 creatures vanquished

Notes
Turn   | Place    | Note
-------+----------+-------------------------------------------
     0 | D:5      | RancidPinata the Octopode Delver began the quest for the
                  | Orb.
     0 | D:5      | Reached XP level 1. HP: 16/16 MP: 1/1
    29 | D:6      | Noticed a phantom
    54 | D:5      | Noticed a hound
    93 | D:5      | Noticed an ogre
   168 | D:4      | Noticed a scorpion
   175 | D:4      | Killed a scorpion
   176 | D:4      | Reached skill level 7 in Stealth
   176 | D:4      | Reached XP level 2. HP: 12/21 MP: 2/2
   176 | D:4      | Reached XP level 3. HP: 15/26 MP: 3/3
   176 | D:4      | Reached XP level 4. HP: 18/31 MP: 4/4
   388 | D:3      | Noticed Natasha
   388 | D:3      | Found a sacrificial altar of Ru.
   390 | D:3      | Found a faded altar of an unknown god.
   393 | D:3      | Killed Natasha
   394 | D:3      | Reached XP level 5. HP: 26/36 MP: 5/5
   514 | D:3      | Noticed Natasha
   519 | D:3      | Noticed Grinder
   537 | D:3      | Paralysed by Grinder for 5 turns
   546 | D:3      | Constricted to death by Natasha

Illustrated notes

Levels and vault maps discovered:
D:3:      layout_rooms, nicolae_overflow_ecumenical_swirl,
          chequers_serial_rivers_micro_b, st_stairs_6, uniq_ijyb, uniq_grinder,
          uniq_natasha
D:4:      layout_gridville, evilmike_ruin_ashenzari, uniq_sigmund
D:5:      layout_rooms, serial_shops, kennysheep_mini,
          chequers_serial_rivers_micro_c
D:6:      layout_rooms, elyvilon_altar_4, lemuel_zombie_altar_yredelemnul

Skill      XL: |  1  2  3  4 |
---------------+-------------+-----
Stealth        | 7 |  7.7
Short Blades   | 3 |  3.3
Fighting       | |  3.5
Dodging        | |  2.7

Action                     |  1- 3 |  4- 6 || total
---------------------------+-------+-------++-------
  Melee: Short sword       |     8 |    20 ||    28
         Tentacles         |     3 |     6 ||     9
         Constrict         |     2 |     5 ||     7
   Stab: Sleeping          |     1 |     5 ||     6
 Armour: Skin              |       |     1 ||     1
  Dodge: Dodged            |     5 |    32 ||    37
